Map: Rhoskallian LE

Players

Massa - Winner!

  • Race: Terran Terran
  • League: Platinum
  • Spawn Location: 11:00

qqq - Winner!

  • Race: Zerg Zerg
  • League: Platinum
  • Spawn Location: 12:00

Daxaka

  • Race: Protoss Protoss
  • Spawn Location: 5:00

MIF

  • Race: Zerg Zerg
  • Spawn Location: 6:00

VOD

Have the link to the VOD?

Description

Time

  • Played on: Jan. 6, 2021, 7:12 a.m.
  • Length: 8:30
Show
View Real Time Build Order
Export as new Build Order

Massa Terran - Winner!

Build Orders: Banshee Rush 

Get SALT Encoding   

  12  0:01  SCV  
  13  0:13  SCV  
  14  0:19  Supply Depot  
  14  0:25  SCV  
  15  0:35  Refinery  
  15  0:40  SCV  
  16  0:47  Barracks  
  16  0:52  SCV  
  17  1:04  SCV  
  18  1:17  SCV  
  19  1:20  Refinery  
  19  1:29  SCV  
  20  1:36  Factory  
  20  1:44  Orbital Command  
  20  1:45  Marine  
  21  2:10  SCV  
  21  2:12  Marine  
  23  2:25  Supply Depot  
  23  2:32  Starport x2  
  23  2:46  Factory Tech Lab  
  23  2:47  Marine  
  23  2:48  SCV  
  25  3:00  SCV  
  26  3:08  Starport Tech Lab  
  26  3:09  Starport Tech Lab  
  26  3:10  Command Center  
  26  3:13  Widow Mine  
  26  3:18  Marine  
  29  3:49  Cloaking Field  
  29  3:50  Supply Depot  
  29  4:07  Supply Depot  
  29  4:09  SCV, Supply Depot  
  30  4:12  Banshee x2  
  36  4:19  Widow Mine  
  36  4:21  Marine  
  39  4:27  SCV  
  40  4:33  Orbital Command  
  40  4:42  SCV  
  41  4:46  Engineering Bay  
  41  4:52  Marine  
  41  4:55  Banshee x2  
  48  5:01  SCV x2  
  50  5:10  Marine  
  50  5:13  SCV x2  
  53  5:37  Banshee x2  
  59  6:20  Banshee x2  
  65  6:31  SCV x2  
  67  6:37  Barracks  
  67  6:39  Command Center  
  67  6:40  Barracks  
  67  6:41  Barracks  
  67  6:43  SCV x2  
  69  6:55  SCV  
  64  7:33  Banshee x2  
  70  7:42  Supply Depot x3  
  70  7:43  Supply Depot x2  
  70  7:45  Supply Depot  
  70  7:49  Marine  
  65  8:06  Marine  
Show
View Real Time Build Order
Export as new Build Order

qqq Zerg - Winner!

Build Orders: Hatch First 

Get SALT Encoding   

  12  0:02  Drone  
  13  0:10  Drone  
  14  0:18  Overlord  
  14  0:39  Drone  
  15  0:51  Hatchery  
  14  0:58  Drone  
  14  1:00  Drone x2  
  17  1:20  Extractor  
  17  1:23  Drone x2  
  18  1:27  Spawning Pool  
  17  1:40  Extractor, Drone  
  17  1:44  Drone  
  18  1:53  Drone  
  19  2:04  Drone  
  19  2:07  Overlord  
  20  2:14  Queen  
  22  2:15  Queen  
  22  2:19  Drone  
  25  2:27  Zergling x2  
  25  2:28  Overlord  
  26  2:32  Drone  
  27  2:40  Metabolic Boost  
  27  2:43  Zergling x2  
  28  2:44  Drone  
  28  2:49  Zergling x2  
  30  2:52  Zergling x2  
  31  3:06  Zergling x2  
  31  3:08  Zergling x2  
  33  3:16  Zergling x2  
  33  3:17  Drone  
  35  3:30  Hatchery  
  35  3:31  Drone, Zergling x2  
  35  3:34  Overlord  
  36  3:36  Lair  
  36  3:38  Zergling x2  
  37  3:41  Zergling x2  
  38  3:51  Overlord x2  
  38  3:54  Drone  
  39  3:59  Drone x2  
  40  4:06  Zergling x6  
  39  4:17  Zergling x4  
  39  4:18  Zergling x4  
  40  4:25  Drone x2  
  40  4:26  Zergling x2  
  43  4:35  Drone  
  44  4:48  Drone  
  44  4:49  Drone, Roach Warren  
  45  4:53  Extractor  
  45  4:57  Hatchery  
  45  4:59  Queen  
  45  5:01  Drone  
  45  5:02  Drone  
  45  5:04  Drone  
  45  5:06  Drone  
  49  5:08  Drone  
  49  5:10  Drone  
  51  5:18  Zergling x2  
  51  5:19  Drone, Zergling x2  
  51  5:20  Drone  
  51  5:21  Drone  
  56  5:25  Drone x2  
  58  5:30  Glial Reconstitution  
  58  5:32  Roach  
  58  5:34  Roach  
  62  5:41  Roach x2  
  66  5:44  Overlord  
  66  5:58  Overlord x2  
  66  6:04  Evolution Chamber  
  66  6:05  Drone, Evolution Chamber  
  66  6:06  Drone  
  66  6:07  Drone x5  
  71  6:12  Queen  
  71  6:17  Roach  
  75  6:25  Drone x4  
  79  6:26  Roach  
  79  6:30  Roach x2  
  85  6:34  Zerg Ground Armor Level 1  
  85  6:35  Zerg Missile Weapons Level 1  
  85  6:43  Hydralisk Den  
  85  6:45  Extractor  
  85  6:46  Extractor, Roach x3  
  90  6:47  Roach  
  90  6:48  Drone  
  90  6:49  Drone  
  90  6:51  Drone x2  
  94  7:03  Roach  
  94  7:06  Overlord  
  94  7:08  Overseer x2  
  96  7:18  Overlord x3  
  96  7:29  Drone x2  
  98  7:30  Drone  
  98  7:32  Drone x3  
  98  7:35  Roach  
  98  7:36  Roach x2  
  98  7:37  Roach  
  110  7:53  Drone x5  
  110  7:54  Drone  
  110  7:55  Roach x5  
  110  7:56  Roach  
  128  8:05  Overlord x2  
  128  8:06  Overlord x2  
Show
View Real Time Build Order
Export as new Build Order

Daxaka Protoss 

Build Orders: 1 Gate Expand 

Get SALT Encoding   

  12  0:00  Probe  
  13  0:12  Probe  
  14  0:22  Pylon  
  14  0:27  Probe  
  15  0:41  Probe (Chrono Boost)  
  16  0:47  Gateway  
  16  0:53  Probe (Chrono Boost)  
  17  0:57  Probe (Chrono Boost)  
  18  1:08  Probe  
  19  1:20  Probe, Assimilator  
  20  1:32  Probe  
  20  1:37  Nexus  
  20  1:44  Probe  
  21  1:48  Cybernetics Core  
  21  1:56  Probe  
  22  2:02  Pylon  
  23  2:08  Probe  
  23  2:20  Probe  
  24  2:27  Gateway  
  24  2:28  Stalker  
  24  2:29  Warp Gate  
  26  2:32  Pylon  
  26  2:34  Probe  
  27  2:47  Gateway  
  27  2:48  Probe (Chrono Boost)  
  27  2:50  Probe (Chrono Boost)  
  31  2:58  Probe (Chrono Boost)  
  31  2:59  Probe (Chrono Boost)  
  31  3:06  Probe, Shield Battery  
  31  3:07  Probe  
  31  3:11  Adept  
  35  3:18  Probe  
  35  3:19  Probe  
  37  3:26  Pylon  
  37  3:31  Forge  
  37  3:32  Probe (Chrono Boost)  
  39  3:34  Probe (Chrono Boost)  
  40  3:41  Probe (Chrono Boost)  
  40  3:42  Probe (Chrono Boost)  
  41  3:49  Stalker (Chrono Boost)  
  45  3:58  Zealot (Chrono Boost)  
  45  4:00  Shield Battery, Pylon  
  45  4:01  Shield Battery  
  45  4:08  Adept (Chrono Boost)  
  47  4:11  Photon Cannon  
  47  4:14  Photon Cannon  
  47  4:25  Shield Battery  
  47  4:26  Protoss Ground Weapons Level 1  
  47  4:29  Probe  
  48  4:35  Probe  
  49  4:38  Twilight Council  
  49  4:40  Assimilator  
  49  4:41  Probe  
  49  4:44  Assimilator  
  49  4:45  Assimilator  
  51  4:52  Probe (Chrono Boost)  
  51  4:59  Probe (Chrono Boost)  
  52  5:02  Probe (Chrono Boost), Pylon x2  
  52  5:05  Adept  
  52  5:06  Probe (Chrono Boost)  
  52  5:07  Probe (Chrono Boost), Adept  
  58  5:12  Resonating Glaives (Chrono Boost)  
  59  5:18  Probe  
  59  5:19  Probe  
  61  5:29  Photon Cannon  
  61  5:31  Robotics Facility, Stalker  
  61  5:34  Stalker  
  65  5:40  Stalker  
  65  5:55  Stalker  
  66  5:58  Photon Cannon  
  66  6:01  Probe  
  66  6:02  Probe  
  68  6:08  Stalker  
  68  6:09  Stalker  
  72  6:23  Probe x2  
  74  6:33  Photon Cannon  
  74  6:34  Shield Battery  
  74  6:35  Probe x2  
  74  6:37  Shield Battery  
  76  6:41  Pylon  
  76  6:59  Probe x2  
  78  7:09  Stalker x3  
  84  7:16  Gateway x2  
  84  7:18  Stargate  
  84  7:21  Gateway  
  74  7:37  Stalker x3  
  80  7:56  Observer, Probe x2  
  82  8:00  Pylon  
  82  8:02  Pylon  
  82  8:06  Stalker  
  82  8:07  Stalker  
  86  8:15  Pylon  
  86  8:17  Pylon  
Show
View Real Time Build Order
Export as new Build Order

MIF Zerg 

Build Orders: Hatch First 

Get SALT Encoding   

  12  0:03  Drone  
  13  0:14  Drone  
  14  0:22  Overlord  
  14  0:51  Hatchery  
  14  0:53  Drone x2  
  15  1:07  Spawning Pool  
  14  1:16  Drone x2  
  16  1:23  Drone  
  17  1:37  Extractor, Drone  
  17  1:51  Drone x2  
  19  1:55  Queen  
  21  2:03  Queen  
  23  2:09  Drone x2  
  23  2:14  Roach Warren  
  24  2:15  Drone  
  24  2:16  Drone  
  26  2:25  Drone x2  
  28  2:30  Extractor  
  28  2:36  Drone  
  28  2:47  Overlord  
  28  2:48  Overlord  
  28  3:05  Overlord  
  28  3:12  Drone x4  
  32  3:21  Roach  
  32  3:22  Roach  
  36  3:34  Drone x4  
  38  3:35  Queen  
  42  3:46  Roach  
  42  3:47  Overlord  
  42  4:11  Roach x2  
  42  4:12  Roach x3  
  50  4:21  Drone  
  51  4:32  Lair  
  51  4:37  Evolution Chamber  
  50  4:42  Overlord x2  
  50  4:44  Drone  
  50  4:45  Drone  
  52  5:02  Overlord  
  52  5:04  Zerg Missile Weapons Level 1  
  52  5:07  Drone, Overlord  
  52  5:08  Drone x2  
  52  5:10  Roach x6  
  63  5:23  Spore Crawler  
  59  5:31  Overseer  
  57  5:35  Roach  
  57  5:36  Roach x8  
  73  5:56  Queen  
  75  5:58  Extractor  
  75  6:02  Extractor  
  73  6:10  Overseer  
  73  6:31  Overlord  
  73  6:37  Spore Crawler  
  73  6:38  Roach  
  74  6:40  Roach x5  
  84  6:51  Overlord x4  
  84  6:53  Overseer  
  84  6:57  Ravager  
  84  6:58  Ravager x3  
  77  7:35  Drone  
  76  7:39  Roach  
  76  7:40  Roach x5  
  82  8:01  Roach x2  
  82  8:02  Roach  
Tags
 
Add a new tag
Caveats
  • Supply blocks, unpowered buildings, or Contaminate may cause inaccurate times.
  • Supply counts are checked every 10 seconds.